 Dungeon Sprint DCSS version 0.25-a0-589-g1e14c54 (webtiles) character file.

Game seed: 13680313250884957124, levelgen mode: deterministic

7 Faca the Skirmisher (level 2, -3/26 HPs)
             Began as a Barachi Fighter on Mar 9, 2020.
             Splashed by a jelly's acid (4 damage)
             ... in the Dungeon (Sprint IX: "|||||||||||||||||||||||||||||").
             The game lasted 00:00:17 (40 turns).

Faca the Skirmisher (Barachi Fighter)                 Turns: 40, Time: 00:00:18

Health: -3/26      AC:  2    Str: 17    XL:     2   Next: 4%
Magic:  2/2        EV:  7    Int:  8    God:
Gold:   0          SH:  9    Dex: 11    Spells: 1/1 levels left

rFire    . . .     SeeInvis .   a - +0 long sword
rCold    . . .     Gourm    .   c - +0 kite shield
rNeg     . . .     Faith    .   b - +0 scale mail
rPois    .         Spirit   .   (no helmet)
rElec    .         Reflect  .   (no cloak)
rCorr    .         Harm     .   (no gloves)
MR       .....     NoTele   +   (no boots)
Stlth    ..........             (no amulet)
HPRegen  0.08/turn              (no ring)
MPRegen  0.08/turn              (no ring)

@: corroded, slow
A: +LOS, swims, slowness 1, strong legs 1
a: Hop


You were in the Dungeon.
You were not hungry.

You visited 1 branch

Inventory:

Hand Weapons
 a - a +0 long sword (weapon)
Armour
 b - a +0 scale mail (worn)
 c - a +0 kite shield (worn)
Scrolls
 k - a scroll of blinking
Potions
 d - a potion of might
 e - a potion of curing
 g - a potion of heal wounds
 h - a potion of haste
 i - 2 potions of magic
 j - a potion of berserk rage
Comestibles
 f - a ration


   Skills:
 + Level 4.9 Fighting
 + Level 4.1 Long Blades
 - Level 3.6 Armour
 - Level 3.2 Shields


You had one spell level left.
You didn't know any spells.
Your spell library was empty.

Dungeon Overview and Level Annotations

Branches:
Dungeon (1/1)

Altars:


Innate Abilities, Weirdness & Mutations

You can be seen from farther away. (+LOS)
You can swim through water.
You cover ground slowly.
You can hop short distances.


Message History

You hit the orc but do no damage.
The orc is almost dead.
The orc hits you with a +0 falchion.
You barely miss the orc.
The orc is almost dead.
You block the orc's attack. x2
You barely miss the orc.
The orc is almost dead.
The orc closely misses you.
You riposte.
You closely miss the orc.
The orc is almost dead.
You hit the orc.
You kill the orc!
Your Long Blades skill increases to level 4!
You have reached level 2!
You hit the jelly.
Your hands burn!
The jelly is moderately wounded.
The jelly hits you. The acid corrodes you!
You are splashed with acid!
* * * LOW HITPOINT WARNING * * *
You hit the jelly.
Your hands burn!
You die...

▓+▓
▓.▓
▓.▓
▓O▓
▓O▓
▓o▓
▓J▓
▓@▓
▓.▓
▓.▓
▓.▓
▓)▓
▓)▓
▓.▓
▓.▓
▓.▓


You could see 2 ogres, a jelly and an orc.

Vanquished Creatures
  An orc (D)
  A goblin (D)
  2 hobgoblins (D)
  A bat (D)
  A rat (D)
6 creatures vanquished.

Notes
Turn   | Place    | Note
-------+----------+-------------------------------------------
     0 | D        | Faca the Barachi Fighter began the quest for the Orb.
     0 | D        | Reached XP level 1. HP: 18/18 MP: 1/1
    22 | D        | Noticed an ogre
    22 | D        | Noticed an ogre
    22 | D        | Noticed a jelly
    38 | D        | Reached XP level 2. HP: 15/26 MP: 2/2
    39 | D        | HP: 1/26 [acid (9)]
    40 | D        | Splashed by a jelly's acid

Levels and vault maps discovered:
D:        linesprint [early_d, line_temple, items_1, d_10, items_2, lair_1,
          lair_end, items_3, orc_1, orc_end, items_4, d_15, swamp_1, shoals_1,
          snake_1, spider_1, d_20, vaults_1, items_5, swamp_end, shoals_end,
          snake_end, spider_end, vaults_end, d_27, items_6, zot_1, zot_end,
          crypt_end, forest_end, elf_end, slime_end, tomb_end, abyss_end,
          pan_hell_end]

Skill      XL: |  1 |
---------------+----+-----
Fighting       | 4 |  4.9
Long Blades    | 4 |  4.1
Armour         | |  3.6
Shields        | |  3.2

Action                   || total
-------------------------++-------
Melee: Long sword        ||    28
Armor: Scale mail        ||     4
Dodge: Dodged            ||     3
Block: Kite shield       ||    15
       Rpst.: Long sword ||     1

Table legend:
 A = Non-vault XP
 B = Vault XP
 C = Vault XP percentage of total XP
 D = Non-vault monster count
 E = Vault monster count
 F = Vault count percentage of total count
                 A         B        C        D         E       F
            +---------+---------+-------+---------+---------+-------
      Total |       0 |      11 | 100.0 |       0 |       6 | 100.0
            +---------+---------+-------+---------+---------+-------
          D |       0 |      11 | 100.0 |       0 |       6 | 100.0
            +---------+---------+-------+---------+---------+-------
